[Event "Titled Tuesday Blitz March 01 Early 2022"]
[White "Estrada Nieto, Julian"]
[Black "Alavi, Sayed Javad"]
[WhiteFideId "5101018"]
[BlackFideId "12500607"]
[WhiteElo "2246"]
[BlackElo "2475"]
[Result "0-1"]
[Round "08"]
[TimeControl "180+1"]
[Date "2022.03.01"]
[WhiteClock "0:00:06"]
[BlackClock "0:00:15"]

1. e4 c5 2. Nf3 e6 3. c3 Nf6 4. e5 Nd5 5. Bc4 d6 6. d4 cxd4 7. cxd4 Be7 8. O-O O-O 9. Qe2 Nc6 10. Rd1 Na5 11. b3 Bd7 12. Ba3 dxe5 13. Bxd5 exd5 14. Bxe7 Qxe7 15. Qxe5 Nc6 16. Qxe7 Nxe7 17. Nc3 f6 18. Rac1 Rac8 19. Ne2 Bg4 20. Nf4 Kf7 21. h3 Bxf3 22. gxf3 b6 23. Kf1 a5 24. h4 g6 25. Ke2 h6 26. Kd3 g5 27. hxg5 fxg5 28. Ne2 Ke6 29. Ke3 Nf5+ 30. Kd3 Nd6 31. Ke3 Kd7 32. Rh1 Rce8+ 33. Kd3 Rxf3+ 34. Kd2 Rxf2 35. Rce1 Nf5 36. Kd3 Rexe2 37. Rxe2 Rxe2 38. Rf1 Re3+ 39. Kd2 Re4 40. Rxf5 Rxd4+ 41. Kc3 Rf4 42. Rxd5+ Kc6 43. Rd8 h5 44. Rc8+ Kb7 45. Rh8 h4 46. Rh5 Rg4 47. Kd3 Kc6 48. Rh6+ Kc5 49. a3 Rg3+ 50. Kc2 h3 51. Rh5 Kd4 52. Rh6 Rg2+ 53. Kd1 h2 0-1


[Site "https://www.chess.com"]

[Event "Titled Tuesday Blitz March 01 Early 2022"]
[White "Eynullayev, Atilla"]
[Black "Mikhalsky, Vladimir"]
[WhiteFideId "13413570"]
[BlackFideId "14144352"]
[WhiteElo "1979"]
[BlackElo "2248"]
[Result "1-0"]
[Round "08"]
[TimeControl "180+1"]
[Date "2022.03.01"]
[WhiteClock "0:00:11"]
[BlackClock "0:00:01"]

1. e4 g6 2. d4 Bg7 3. Nc3 d6 4. Bg5 h6 5. Bh4 a6 6. a4 b6 7. Bc4 Bb7 8. Nf3 Qd7 9. O-O Nc6 10. Re1 e5 11. Bd5 Nge7 12. dxe5 Nxd5 13. Nxd5 g5 14. Bg3 Nxe5 15. Nd4 O-O-O 16. Nf5 Bf8 17. a5 b5 18. Qd4 Kb8 19. f3 c5 20. Qd1 Rg8 21. Bf2 g4 22. f4 Nc4 23. b3 Nb2 24. Qc1 Bxd5 25. Qxb2 Bxe4 26. Nxd6 Qxd6 27. Rxe4 Bg7 28. c3 Qd2 29. Qxd2 Rxd2 30. Bxc5 Bxc3 31. Rc1 Bb2 32. Rce1 Rc8 33. b4 Bc3 34. Re7 f5 35. Kf1 Bd4 36. Rc1 Rf2+ 37. Ke1 Rxc5 38. bxc5 Rxf4 39. c6 Re4+ 40. Rxe4 fxe4 41. Ke2 Kc7 42. h3 gxh3 43. gxh3 b4 44. Rc4 Be5 45. Rxe4 Bd6 46. Rc4 b3 47. Kd3 b2 48. Kc2 Be5 49. h4 Bf6 50. h5 Be5 51. Rc5 Bf6 52. Rc4 Be5 53. Re4 Bf6 54. Re6 Bd4 55. Rxh6 Be3 56. Rg6 Bd4 57. h6 Be3 58. h7 Bd4 59. Re6 Bh8 60. Re8 1-0


[Site "https://www.chess.com"]

[Event "Titled Tuesday Blitz March 01 Early 2022"]
[White "Fus, Jakub"]
[Black "Horak, Martin"]
[WhiteFideId "1193023"]
[BlackFideId "367095"]
[WhiteElo "2111"]
[BlackElo "1997"]
[Result "1-0"]
[Round "08"]
[TimeControl "180+1"]
[Date "2022.03.01"]
[WhiteClock "0:00:41"]
[BlackClock "0:00:02"]

1. e4 e5 2. Nf3 Nc6 3. Bb5 a6 4. Ba4 Nf6 5. O-O Be7 6. Re1 b5 7. Bb3 d6 8. c3 O-O 9. h3 Nb8 10. d4 Nbd7 11. c4 c6 12. a3 bxc4 13. Bxc4 d5 14. dxe5 dxc4 15. exf6 Nxf6 16. Qxd8 Rxd8 17. Nbd2 c3 18. bxc3 Rb8 19. Ne5 Bd7 20. Ndc4 Be8 21. Bg5 Rb3 22. Rec1 h6 23. Bxf6 Bxf6 24. Na5 Rxc3 25. Rxc3 Bxe5 26. Rac1 Bxc3 27. Rxc3 Rd4 28. f3 Ra4 29. Nb7 Kf8 30. Nc5 Ra5 31. Kf2 Rb5 32. Nxa6 Rb2+ 33. Kg3 Ke7 34. Nc5 Kd6 35. a4 Ra2 36. a5 Ra1 37. a6 Kc7 38. Kf4 Bd7 39. g4 Bc8 40. h4 Bxa6 41. h5 Bc8 42. Nd3 Ra5 43. Ne5 f6 44. Nxc6 Ra1 45. Ne7+ Kd7 46. Nxc8 1-0


[Site "https://www.chess.com"]

[Event "Titled Tuesday Blitz March 01 Early 2022"]
[White "Gabrielian, Artur"]
[Black "Makhnev, Denis"]
[WhiteFideId "4131002"]
[BlackFideId "13707647"]
[WhiteElo "2742"]
[BlackElo "2937"]
[Result "0-1"]
[Round "08"]
[TimeControl "180+1"]
[Date "2022.03.01"]
[WhiteClock "0:00:04"]
[BlackClock "0:01:22"]

1. e4 c6 2. d4 d5 3. e5 Bf5 4. h4 h5 5. Bd3 Bxd3 6. Qxd3 Qa5+ 7. Nd2 e6 8. Nf3 Nh6 9. O-O Nf5 10. a4 Be7 11. Nb3 Qa6 12. Qd1 Nd7 13. Bg5 f6 14. exf6 gxf6 15. Bf4 Nf8 16. Re1 Kf7 17. Nc1 Ng6 18. Nd3 Rae8 19. Bg3 Nxg3 20. fxg3 Bd6 21. Rf1 Kg7 22. Qe1 Qb6 23. a5 Qc7 24. a6 Bxg3 25. Qc3 b6 26. Nb4 Rc8 27. Qe3 Rhe8 28. Nd3 c5 29. c3 c4 30. Nfe5 fxe5 31. Qxg3 cxd3 32. dxe5 Qxe5 33. Qxd3 Rc4 34. Rae1 Re4 35. Rxe4 dxe4 36. Qd7+ Re7 37. Qd8 e3 38. Rf8 e2 39. Rg8+ Kh7 0-1


[Site "https://www.chess.com"]

[Event "Titled Tuesday Blitz March 01 Early 2022"]
[White "Gadimbayli, Abdulla"]
[Black "Dubov, Daniil"]
[WhiteFideId "13404938"]
[BlackFideId "24126055"]
[WhiteElo "2756"]
[BlackElo "2993"]
[Result "0-1"]
[Round "08"]
[TimeControl "180+1"]
[Date "2022.03.01"]
[WhiteClock "0:00:02"]
[BlackClock "0:00:41"]

1. e4 e5 2. Nf3 f5 3. Bc4 Nc6 4. d4 fxe4 5. Nxe5 d5 6. Bb5 Bd7 7. Bxc6 bxc6 8. Qh5+ g6 9. Nxg6 hxg6 10. Qxh8 Kf7 11. Qe5 Bd6 12. Qg5 Nf6 13. Bf4 Qb8 14. Be5 Be7 15. b3 Qb4+ 16. c3 Qb5 17. Nd2 Ng4 18. Qf4+ Kg8 19. f3 Bh4+ 20. g3 Rf8 21. Qxf8+ Kxf8 22. fxg4 Qd3 23. O-O-O Bg5 24. Rhf1+ Kg8 25. Bf4 Qxc3+ 26. Kb1 Qd3+ 27. Kb2 Qxd4+ 28. Kb1 0-1


[Site "https://www.chess.com"]

[Event "Titled Tuesday Blitz March 01 Early 2022"]
[White "Gaehwiler, Gabriel"]
[Black "Carlsson, Ludvig"]
[WhiteFideId "1314530"]
[BlackFideId "1727010"]
[WhiteElo "2383"]
[BlackElo "2178"]
[Result "1/2-1/2"]
[Round "08"]
[TimeControl "180+1"]
[Date "2022.03.01"]
[WhiteClock "0:00:10"]
[BlackClock "0:00:08"]

1. d4 Nf6 2. c4 e6 3. g3 Bb4+ 4. Bd2 Bxd2+ 5. Qxd2 b6 6. Bg2 d5 7. Nc3 c6 8. Nf3 Bb7 9. O-O Nbd7 10. Ne5 Nxe5 11. dxe5 Nd7 12. cxd5 cxd5 13. f4 O-O 14. Rad1 Qe7 15. e4 f6 16. exd5 Qc5+ 17. Qf2 exd5 18. Bxd5+ Bxd5 19. Rxd5 Qxf2+ 20. Rxf2 Nc5 21. exf6 Rxf6 22. Re2 Rc8 23. Kg2 Rf7 24. Nb5 h6 25. Rdd2 Rcf8 26. Nd6 Rd7 27. Nc4 Rfd8 28. Rxd7 Rxd7 29. Rd2 Rc7 30. Ne5 Kf8 31. Kf3 Ke7 32. Re2 Ne6 33. Rd2 Kf6 34. h4 Rc1 35. Ng4+ Ke7 36. Ne5 Rf1+ 37. Ke4 Ke8 38. Kf5 Nf8 39. Re2 Kd8 40. Nc6+ Kc7 41. Nxa7 Rg1 42. Kg4 g6 43. Nb5+ Kc6 44. Nc3 Nd7 45. Kf3 Rf1+ 46. Kg2 Rc1 47. Kf3 Nc5 48. Rd2 b5 49. Ne2 Rf1+ 50. Kg2 Ra1 51. Nd4+ Kb6 52. a3 Ra2 53. Kf3 Na4 54. h5 gxh5 55. f5 Ra1 56. f6 Nc5 57. f7 Nd7 58. Ne6 Rf1+ 59. Rf2 Ne5+ 60. Kg2 Rxf2+ 61. Kxf2 Nxf7 62. Nf4 Nd6 63. Nxh5 Nc4 64. Ng7 Nxb2 65. Nf5 Nc4 66. Nxh6 Nxa3 67. Ke3 Nc4+ 68. Kd4 Nd6 69. g4 b4 70. Nf5 Nf7 71. Ne3 b3 72. Kc3 Ne5 73. g5 Kc5 74. Kxb3 Kd4 75. Nf5+ Ke4 76. Ne7 Kf4 77. g6 Nxg6 1/2-1/2


[Site "https://www.chess.com"]

[Event "Titled Tuesday Blitz March 01 Early 2022"]
[White "Gelman, Alexander"]
[Black "Rozhkov, Viacheslav"]
[WhiteFideId "4118316"]
[BlackFideId "4181484"]
[WhiteElo "2375"]
[BlackElo "2324"]
[Result "1-0"]
[Round "08"]
[TimeControl "180+1"]
[Date "2022.03.01"]
[WhiteClock "0:00:10"]
[BlackClock "0:00:06"]

1. d4 d5 2. Nc3 Nf6 3. Bf4 e6 4. Nb5 Bd6 5. Nxd6+ cxd6 6. e3 O-O 7. Nf3 Qb6 8. Rb1 Ne4 9. Bd3 f5 10. O-O Bd7 11. c4 dxc4 12. Bxc4 d5 13. Bd3 Nc6 14. Bxe4 fxe4 15. Ne5 Nxe5 16. Bxe5 Bb5 17. Qg4 Rf7 18. Rfc1 Raf8 19. b3 Bd3 20. Rb2 a5 21. h4 a4 22. Rd2 axb3 23. axb3 Qa5 24. Rb2 Qa3 25. Rbc2 Bxc2 26. Rxc2 Qxb3 27. Rc5 h5 28. Qxe6 Qd1+ 29. Kh2 Qg4 30. Qxg4 hxg4 31. Bg3 Rd7 32. Rb5 Kf7 33. Be5 Rh8 34. Kg3 Rh6 35. Kxg4 Rg6+ 36. Kh3 Rc6 37. g4 Rc2 38. Kg3 Ke6 39. h5 Rc6 40. g5 Rf7 41. g6 Rd7 42. Kg4 1-0


[Site "https://www.chess.com"]

[Event "Titled Tuesday Blitz March 01 Early 2022"]
[White "Godzwon, Iwo"]
[Black "Dauner, Benedikt"]
[WhiteFideId "21802483"]
[BlackFideId "16225899"]
[WhiteElo "2201"]
[BlackElo "2230"]
[Result "1-0"]
[Round "08"]
[TimeControl "180+1"]
[Date "2022.03.01"]
[WhiteClock "0:00:14"]
[BlackClock "0:00:03"]

1. e4 g6 2. d4 Bg7 3. Nc3 c5 4. Nf3 cxd4 5. Nxd4 Nc6 6. Be3 Nf6 7. Bc4 O-O 8. Bb3 Re8 9. f3 e6 10. f4 d6 11. Qd2 Ng4 12. Bg1 e5 13. Nxc6 bxc6 14. O-O-O exf4 15. h3 Ne3 16. Bxe3 fxe3 17. Qxe3 Qh4 18. Kb1 Be6 19. Rxd6 Bxb3 20. axb3 Bxc3 21. Qxc3 Qxe4 22. Qxc6 Qe2 23. Qd5 Rac8 24. Qd2 Qe5 25. Rd1 h5 26. Rd7 Re6 27. Rxa7 Rec6 28. c3 Qe6 29. b4 Qb3 30. Ra3 Qe6 31. Qd5 Qe2 32. Ra7 Re6 33. Qf3 Qxf3 34. gxf3 Re3 35. b5 Rxf3 36. b6 Rf6 37. b7 Rf8 38. Ra8 Rb6 39. Rxf8+ Kxf8 40. Rd8+ Kg7 41. b8=Q Re6 42. Rg8+ Kh7 43. Rh8+ Kg7 44. Qf8+ Kf6 45. Rh7 Kg5 46. Rxf7 Re1+ 47. Ka2 Kh4 48. Rf3 g5 49. Qb4+ g4 50. hxg4 hxg4 51. Rf4 Rg1 52. Qd4 Rg2 53. c4 Kh3 54. c5 Rg3 55. c6 Rg2 56. c7 Re2 57. c8=Q Kg3 58. Qxg4+ Kh2 59. Qh4+ Kg2 60. Rf2+ Kg1 61. Rxe2+ Kf1 62. Qd1# 1-0


[Site "https://www.chess.com"]

[Event "Titled Tuesday Blitz March 01 Early 2022"]
[White "Goltsev, Dmitry"]
[Black "Aldokhin, Ivan"]
[WhiteFideId "24176710"]
[BlackFideId "24115720"]
[WhiteElo "2273"]
[BlackElo "2231"]
[Result "0-1"]
[Round "08"]
[TimeControl "180+1"]
[Date "2022.03.01"]
[WhiteClock "0:00:01"]
[BlackClock "0:00:08"]

1. e4 c5 2. Nf3 e6 3. d4 cxd4 4. Nxd4 a6 5. Nc3 Qc7 6. Be2 Nf6 7. O-O d6 8. Be3 b5 9. a3 Bb7 10. f3 Be7 11. Qd2 O-O 12. Rad1 Nbd7 13. Bxb5 axb5 14. Ndxb5 Qb8 15. Nxd6 Ba6 16. Rfe1 Qxb2 17. Ra1 Qb8 18. Bf4 e5 19. Nf5 Bc5+ 20. Be3 Qa7 21. Kh1 Bxe3 22. Nxe3 Nb6 23. Nf5 Bc8 24. Nb5 Qa5 25. Qxa5 Rxa5 26. Ne7+ Kh8 27. Nd6 Be6 28. Red1 Nc4 29. a4 h6 30. Nb5 Rfa8 31. Nc7 R8a7 32. Nc6 Rxc7 33. Nxa5 Nxa5 34. Rd8+ Kh7 35. Ra8 Rc5 36. g4 h5 37. g5 Nd7 38. Rb1 h4 39. Kg2 h3+ 40. Kg3 Nc6 41. Rc8 Nb6 42. Rc7 Nxa4 43. Ra1 Nc3 44. Ra6 Ne2+ 45. Kh4 Ned4 46. Ra8 Kg6 47. Rh8 Rxc2 48. Rb7 Rg2 49. Rb3 Bxb3 50. Kxh3 Rg1 51. Rc8 Be6+ 52. Kh4 Nxf3# 0-1


[Site "https://www.chess.com"]

[Event "Titled Tuesday Blitz March 01 Early 2022"]
[White "Goltseva, Ekaterina"]
[Black "Kalajzic, Ivan"]
[WhiteFideId "24173770"]
[BlackFideId "14506378"]
[WhiteElo "2140"]
[BlackElo "2163"]
[Result "1-0"]
[Round "08"]
[TimeControl "180+1"]
[Date "2022.03.01"]
[WhiteClock "0:00:19"]
[BlackClock "0:00:51"]

1. d4 Nc6 2. c4 e5 3. d5 Nce7 4. Nc3 Nf6 5. Nf3 Ng6 6. e3 Bb4 7. Bd2 O-O 8. Qc2 d6 9. h3 Bd7 10. Be2 Qe7 11. g4 h6 12. a3 Bxc3 13. Bxc3 a6 14. Rg1 Nh7 15. Bd3 b5 16. Bxg6 fxg6 17. Nd2 Qf7 18. Rf1 bxc4 19. O-O-O g5 20. Nxc4 Bb5 21. Ba5 c5 22. Nxd6 Qd7 23. Nxb5 axb5 24. Bc3 b4 25. Bxe5 bxa3 26. bxa3 Rxa3 27. Bb2 Ra2 28. Qb3 Rfa8 29. d6+ Kh8 30. f4 c4 31. Qc3 Rb8 32. Rd2 Nf6 33. fxg5 Ne4 34. Qxg7+ Qxg7 35. Bxg7+ Kxg7 36. Rxa2 Nxd6 37. gxh6+ Kxh6 38. Ra6 1-0


[Site "https://www.chess.com"]

[Event "Titled Tuesday Blitz March 01 Early 2022"]
[White "Gormally, Daniel W"]
[Black "Vivas Zamora, Fabian Ernesto"]
[WhiteFideId "406465"]
[BlackFideId "3902480"]
[WhiteElo "2543"]
[BlackElo "1966"]
[Result "1-0"]
[Round "08"]
[TimeControl "180+1"]
[Date "2022.03.01"]
[WhiteClock "0:00:07"]
[BlackClock "0:00:01"]

1. e4 e5 2. Nc3 Nf6 3. f4 d5 4. fxe5 Nxe4 5. Nf3 Bc5 6. d4 Bb4 7. Bd2 c5 8. Bb5+ Nc6 9. O-O Bg4 10. Qe1 Bxc3 11. bxc3 O-O 12. Be3 f6 13. Bxc6 bxc6 14. dxc5 Qe7 15. exf6 Rxf6 16. Bd4 Rf5 17. Qh4 Qxh4 18. Nxh4 Rxf1+ 19. Rxf1 Rf8 20. Rb1 g5 21. h3 Bh5 22. Rb7 Rf7 23. Rb8+ Rf8 24. Rb7 Rf7 25. Rb8+ Rf8 26. Rxf8+ Kxf8 27. Nf5 Bd1 28. Ne3 Be2 29. Be5 Kf7 30. Bb8 a6 31. Ba7 Ke6 32. a3 h5 33. Kh2 h4 34. Bb6 Nxc3 35. g3 d4 36. Ng2 hxg3+ 37. Kxg3 Ne4+ 38. Kh2 Kd5 39. h4 g4 40. Nf4+ Kc4 41. Nxe2 Nxc5 42. Nxd4 1-0


[Site "https://www.chess.com"]

[Event "Titled Tuesday Blitz March 01 Early 2022"]
[White "Goryachkina, Aleksandra"]
[Black "Tsyhanchuk, Stanislav"]
[WhiteFideId "4147103"]
[BlackFideId "13505130"]
[WhiteElo "2426"]
[BlackElo "2078"]
[Result "1-0"]
[Round "08"]
[TimeControl "180+1"]
[Date "2022.03.01"]
[WhiteClock "0:01:49"]
[BlackClock "0:01:55"]

1. e4 c5 2. Nf3 d6 3. c3 Nf6 4. Be2 g6 5. O-O Bg7 6. Bb5+ Bd7 7. Bxd7+ Nbxd7 8. Re1 O-O 9. d4 cxd4 10. cxd4 Qb6 11. Nc3 Rac8 12. h3 Rfd8 13. Qe2 a6 14. e5 dxe5 15. dxe5 Ne8 16. Bg5 f6 17. exf6 exf6 18. Nd5 Qb5 19. Ne7+ Kh8 20. Qxb5 axb5 21. Nxc8 Rxc8 22. Rad1 fxg5 23. Rxd7 Bxb2 24. Nxg5 Nf6 25. Rxb7 Rc5 26. Rb8+ Kg7 27. Ne6+ 1-0


[Site "https://www.chess.com"]

[Event "Titled Tuesday Blitz March 01 Early 2022"]
[White "Gracia Alvarez, Gerardo Antonio"]
[Black "Kanyamarala, Trisha"]
[WhiteFideId "5109124"]
[BlackFideId "45004722"]
[WhiteElo "2139"]
[BlackElo "2002"]
[Result "0-1"]
[Round "08"]
[TimeControl "180+1"]
[Date "2022.03.01"]
[WhiteClock "0:00:12"]
[BlackClock "0:00:15"]

1. c4 e6 2. Nf3 d5 3. e3 Nf6 4. b3 c6 5. Bb2 Bd6 6. Qc2 O-O 7. Nc3 Nbd7 8. Rg1 a6 9. g4 Nc5 10. g5 Nfe4 11. Ne2 dxc4 12. bxc4 Bxh2 13. d4 Bxg1 14. Nexg1 Qa5+ 15. Ke2 Na4 16. Qxe4 Nxb2 17. Qc2 Na4 18. Rc1 c5 19. Ne5 Nb6 20. Ngf3 Nd7 21. Bg2 cxd4 22. exd4 Nxe5 23. Nxe5 Qd8 24. Rh1 g6 25. Qd2 f6 26. gxf6 Qxf6 27. Ng4 Qf4 28. Nh6+ Kg7 29. Qxf4 Rxf4 30. Ke3 Rf8 31. Ng4 Rb8 32. c5 Bd7 33. Ne5 Bb5 34. Ra1 h5 35. a4 Be8 36. a5 Bc6 37. Nxc6 bxc6 38. Bxc6 Rb3+ 39. Ke4 Rxf2 40. Ke5 Rd3 41. Ra4 Rfd2 42. Bb7 h4 43. c6 Rc3 44. Kd6 h3 45. c7 Rdc2 46. Bxa6 Rxc7 47. Bf1 h2 0-1


[Site "https://www.chess.com"]

[Event "Titled Tuesday Blitz March 01 Early 2022"]
[White "Gubanov, Oleg"]
[Black "Silva, Mariana Sofia T."]
[WhiteFideId "14115115"]
[BlackFideId "1911899"]
[WhiteElo "2080"]
[BlackElo "1825"]
[Result "1/2-1/2"]
[Round "08"]
[TimeControl "180+1"]
[Date "2022.03.01"]
[WhiteClock "0:00:14"]
[BlackClock "0:00:10"]

1. e4 c6 2. d4 d5 3. e5 c5 4. dxc5 e6 5. c4 Nc6 6. cxd5 exd5 7. Nf3 Bg4 8. Be2 Bxc5 9. O-O Nge7 10. Nc3 O-O 11. Bf4 Ng6 12. Bg3 d4 13. Ne4 Bb6 14. Nd6 Qe7 15. Nc4 Bc7 16. h3 Bxf3 17. Bxf3 Rab8 18. Bxc6 bxc6 19. Qxd4 Rfd8 20. Qc3 Rd5 21. Rfe1 Rbd8 22. Kh2 Rd3 23. Qc2 Qc5 24. b3 Ne7 25. Rad1 R3d5 26. Rc1 g6 27. f4 Nf5 28. Bf2 Qd4 29. Bxd4 Nxd4 30. Qf2 c5 31. Ne3 R5d7 32. Rxc5 Bb6 33. Rcc1 Nf5 34. Qf3 Rd2 35. Nf1 Rxa2 36. Ng3 Nd4 37. Qd3 Ra3 38. Ne4 Rxb3 39. Nf6+ Kg7 40. Qc4 Rb2 41. Rcd1 Nf3+ 42. Kg3 Rxd1 43. Rxd1 Ra2 44. Kxf3 Ra3+ 45. Ke2 h5 46. Rd3 Ra1 47. Rd1 Ra3 48. Rd2 Ra1 49. Rd1 Ra3 1/2-1/2


[Site "https://www.chess.com"]

[Event "Titled Tuesday Blitz March 01 Early 2022"]
[White "Gunina, Valentina"]
[Black "Tari, Aryan"]
[WhiteFideId "4167570"]
[BlackFideId "1510045"]
[WhiteElo "2710"]
[BlackElo "2907"]
[Result "0-1"]
[Round "08"]
[TimeControl "180+1"]
[Date "2022.03.01"]
[WhiteClock "0:00:01"]
[BlackClock "0:00:11"]

1. d4 d5 2. c4 e6 3. Nf3 Nf6 4. Nc3 c5 5. cxd5 exd5 6. Bg5 Be6 7. e3 c4 8. Be2 Bb4 9. O-O O-O 10. e4 Be7 11. Bxf6 Bxf6 12. exd5 Bxd5 13. Nxd5 Qxd5 14. Rc1 b5 15. b3 cxb3 16. Rc5 Qd6 17. axb3 a6 18. Qc2 Nd7 19. Rc6 Qb4 20. Rc7 Rad8 21. Qc6 Nb8 22. Qc2 Bxd4 23. Ng5 g6 24. Qe4 Qd6 25. Qh4 h5 26. Rc2 Bf6 27. f4 Rfe8 28. Kh1 Nc6 29. Bf3 Nd4 30. Rcf2 a5 31. Bxh5 Nf5 32. Qh3 Bxg5 33. fxg5 Re3 34. Bf3 Rxb3 35. Qg4 Qd4 36. Qh3 a4 37. Re2 a3 38. Rfe1 Kg7 0-1


[Site "https://www.chess.com"]

[Event "Titled Tuesday Blitz March 01 Early 2022"]
[White "Guseva, Marina"]
[Black "Samarth, J Rao"]
[WhiteFideId "4149351"]
[BlackFideId "46652370"]
[WhiteElo "2232"]
[BlackElo "1514"]
[Result "0-1"]
[Round "08"]
[TimeControl "180+1"]
[Date "2022.03.01"]
[WhiteClock "0:00:02"]
[BlackClock "0:00:09"]

1. d4 Nf6 2. Nf3 g6 3. Bf4 d5 4. e3 Bg7 5. c3 c5 6. Nbd2 O-O 7. Be2 Nc6 8. O-O Bf5 9. dxc5 Nh5 10. Bg5 h6 11. Bh4 g5 12. Nd4 Nxd4 13. cxd4 Nf6 14. Bg3 Rc8 15. b4 Ne4 16. Nxe4 Bxe4 17. Bd3 Bxd3 18. Qxd3 f5 19. Be5 Bxe5 20. dxe5 e6 21. f4 g4 22. Rfc1 Kg7 23. a4 h5 24. b5 Qe7 25. Qd4 Rc7 26. Rc3 Rfc8 27. Rac1 h4 28. Kf1 Qd7 29. Ke2 a6 30. Qb4 axb5 31. axb5 Ra8 32. c6 bxc6 33. bxc6 Ra2+ 34. Kf1 Qc8 35. Qb5 h3 36. R3c2 hxg2+ 37. Kg1 Ra3 38. Qc5 Rd3 39. Rb2 Kg6 40. Qb6 d4 41. exd4 g3 42. Qb8 gxh2+ 43. Kxh2 Rh7+ 44. Kxg2 Rd2+ 45. Kg3 Rhh2 46. Rxd2 Qxb8 47. Rxh2 Qb3+ 0-1


[Site "https://www.chess.com"]

[Event "Titled Tuesday Blitz March 01 Early 2022"]
[White "Hakemi, Arman"]
[Black "Omelja, Artem"]
[WhiteFideId "22520805"]
[BlackFideId "14119846"]
[WhiteElo "2208"]
[BlackElo "2418"]
[Result "1-0"]
[Round "08"]
[TimeControl "180+1"]
[Date "2022.03.01"]
[WhiteClock "0:01:17"]
[BlackClock "0:00:02"]

1. e4 c5 2. Nf3 e6 3. c3 Nc6 4. d4 cxd4 5. cxd4 d5 6. e5 Nge7 7. Nc3 Nf5 8. a3 Qb6 9. Na4 Qc7 10. b4 Bd7 11. Bb2 Be7 12. Rc1 a6 13. Bd3 O-O 14. O-O Rac8 15. Qe2 Qb8 16. Nb6 Rcd8 17. Nxd7 Rxd7 18. Rc2 Rc8 19. Rfc1 g6 20. Bxa6 bxa6 21. Rxc6 Rxc6 22. Rxc6 a5 23. b5 a4 24. g4 Nh4 25. Nxh4 Bxh4 26. b6 Rb7 27. Qb5 Bd8 28. Qc5 Qa8 29. Bc3 Kg7 30. Bb4 Bh4 31. Rc8 Qxc8 32. Qxc8 Rxb6 33. Qf8# 1-0


[Site "https://www.chess.com"]

[Event "Titled Tuesday Blitz March 01 Early 2022"]
[White "Hamley, Ryan"]
[Black "Fier, Alexandr"]
[WhiteFideId "30959497"]
[BlackFideId "2107139"]
[WhiteElo "2564"]
[BlackElo "2569"]
[Result "0-1"]
[Round "08"]
[TimeControl "180+1"]
[Date "2022.03.01"]
[WhiteClock "0:00:01"]
[BlackClock "0:01:18"]

1. d4 Nf6 2. Nf3 c5 3. dxc5 e6 4. g3 Bxc5 5. Bg2 d5 6. O-O Nc6 7. c4 d4 8. a3 a5 9. Nbd2 e5 10. Rb1 a4 11. Qc2 h5 12. Rd1 h4 13. Ne4 Bf5 14. Nxh4 Rxh4 15. gxh4 Nxe4 16. Bxe4 Bh3 17. Bg5 Qd7 18. Kh1 f6 19. Bg6+ Ke7 20. Bd2 d3 21. Qxd3 Bxf2 22. Qxd7+ Bxd7 23. h5 Nd4 24. e3 Bc6+ 25. e4 f5 26. Bb4+ Kf6 27. Kg2 Be3 28. Rxd4 exd4 29. Bxf5 Ke5 30. Rf1 Bxe4+ 31. Bxe4 Kxe4 32. Rf7 Bh6 33. Rd7 Kd3 34. Bc5 Be3 35. Rxg7 Kxc4 36. Bb6 Rh8 37. Rxb7 Rxh5 38. Rc7+ Kb3 39. Rd7 Rh4 40. Bc5 Kxb2 41. Ra7 Kb3 42. Rb7+ Kc4 43. Ba7 Kc3 44. Rb4 Kd2 45. Rxa4 Ke2 46. Ra6 Rg4+ 47. Kh3 Rg7 48. Re6 Kf3 49. Rf6+ Bf4 50. Rf5 Rh7+ 0-1


[Site "https://www.chess.com"]

[Event "Titled Tuesday Blitz March 01 Early 2022"]
[White "Horobetz, Graham"]
[Black "Bryakin, Mikhail"]
[WhiteFideId "2047322"]
[BlackFideId "4165314"]
[WhiteElo "2629"]
[BlackElo "2421"]
[Result "1/2-1/2"]
[Round "08"]
[TimeControl "180+1"]
[Date "2022.03.01"]
[WhiteClock "0:00:19"]
[BlackClock "0:01:39"]

1. e4 e6 2. d4 d5 3. Nd2 c5 4. Ngf3 cxd4 5. exd5 Qxd5 6. Bc4 Qd8 7. O-O Nc6 8. Nb3 Nf6 9. Nbxd4 Bd7 10. Qe2 Bc5 11. Nxc6 Bxc6 12. Ne5 O-O 13. Nxc6 bxc6 14. Bd3 h6 15. a3 a5 16. b3 Bd4 17. Rb1 Nd5 18. Qe4 Nf6 19. Qxc6 e5 20. Be3 Re8 21. Rbd1 Qe7 22. Bxd4 exd4 23. a4 Qb4 24. h3 Rac8 25. Qf3 Re5 26. Qf4 Rd5 27. Qd2 Qxd2 28. Rxd2 Re5 29. Rdd1 Nd5 30. Bc4 Nb4 31. Rxd4 Nxc2 32. Rd7 Rf8 33. Rfd1 Nb4 34. Rxf7 Rxf7 35. Rd8+ Kh7 36. Bxf7 Rg5 37. Bc4 Re5 38. g3 g5 39. Rd6 Kg7 40. Kg2 Rf5 41. Rb6 Re5 42. Rb5 Kf6 43. f4 gxf4 44. gxf4 Rf5 45. Kg3 Nc2 46. Rb6+ Kg7 47. Rb5 Nd4 48. Rxf5 Nxf5+ 49. Kg4 Kf6 50. Kf3 Nd6 51. Bd3 Nb7 52. Ke3 Nc5 53. Bc2 Ne6 54. Ke4 h5 55. h4 Ng7 56. Kd5 Ne6 57. f5 Nf4+ 58. Kc5 Ng2 59. Bd1 Nxh4 60. Bxh5 Nxf5 61. Bd1 Ne3 62. Be2 Nc2 63. Bc4 Ke5 64. Kb5 Kd6 65. Kxa5 Kc5 66. Ka6 Nb4+ 67. Kb7 Nc6 68. Bb5 Na5+ 69. Ka6 Nxb3 70. Be8 Kb4 71. Bb5 Nc5+ 72. Ka7 Nxa4 1/2-1/2


[Site "https://www.chess.com"]

[Event "Titled Tuesday Blitz March 01 Early 2022"]
[White "Iskusnyh, Sergei"]
[Black "Manelyuk, Daniil"]
[WhiteFideId "4120027"]
[BlackFideId "44173920"]
[WhiteElo "2492"]
[BlackElo "2222"]
[Result "1-0"]
[Round "08"]
[TimeControl "180+1"]
[Date "2022.03.01"]
[WhiteClock "0:00:02"]
[BlackClock "0:00:01"]

1. d4 Nf6 2. c4 c5 3. d5 b5 4. Qc2 Na6 5. a3 b4 6. e4 d6 7. Nf3 g6 8. e5 Ng4 9. exd6 exd6 10. Bg5 Qa5 11. Qe4+ Kd7 12. Qxg4+ f5 13. Qh4 Bg7 14. Bf6 Re8+ 15. Be2 bxa3+ 16. Nbd2 Nb4 17. O-O Bxf6 18. Qxf6 Rxe2 19. Rfe1 Rxe1+ 20. Rxe1 Kc7 21. bxa3 Qxa3 22. Ng5 Qa4 23. Qe7+ Qd7 24. Ne6+ Kb6 25. Qg5 a5 26. Nb1 a4 27. Na3 Ba6 28. h4 Re8 29. Rb1 Ka7 30. Qe3 Qb7 31. Nb5+ Bxb5 32. Rxb4 a3 33. Qxa3+ Qa6 34. Qb3 Bd7 35. Rb5 Bxe6 36. dxe6 Rxe6 37. Qc3 Qc6 38. Qg7+ Ka6 39. Qa1# 1-0


[Site "https://www.chess.com"]

[Event "Titled Tuesday Blitz March 01 Early 2022"]
[White "Jakubowska, Anna"]
[Black "Melian, Juan Sebastian"]
[WhiteFideId "1121952"]
[BlackFideId "3706575"]
[WhiteElo "1924"]
[BlackElo "1842"]
[Result "0-1"]
[Round "08"]
[TimeControl "180+1"]
[Date "2022.03.01"]
[WhiteClock "0:00:52"]
[BlackClock "0:00:54"]

1. e4 d5 2. exd5 Qxd5 3. Nc3 Qd6 4. Bc4 c6 5. Nge2 Nf6 6. d3 Bf5 7. Bf4 Qd8 8. O-O e6 9. Ng3 Bg6 10. Qe2 Bd6 11. Bxe6 Bxf4 12. Bc8+ Kf8 13. Bxb7 Nbd7 14. Bxa8 Qxa8 15. Rfe1 h5 16. Qe7+ Kg8 17. Nge4 Kh7 18. g3 Re8 19. Nxf6+ Nxf6 20. Qc5 Bc7 21. Qg5 Bb6 22. Kf1 Bd4 23. Rxe8 Qxe8 24. Re1 Qb8 25. f4 Qxb2 26. Ne2 Ng4 27. Nxd4 Qxd4 28. f5 Qf2# 0-1


[Site "https://www.chess.com"]

[Event "Titled Tuesday Blitz March 01 Early 2022"]
[White "Jones, Gawain C B"]
[Black "Indjic, Aleksandar"]
[WhiteFideId "409561"]
[BlackFideId "911925"]
[WhiteElo "2894"]
[BlackElo "2909"]
[Result "1-0"]
[Round "08"]
[TimeControl "180+1"]
[Date "2022.03.01"]
[WhiteClock "0:00:07"]
[BlackClock "0:00:48"]

1. Nf3 d5 2. g3 Nd7 3. Bg2 e5 4. d3 Ngf6 5. O-O Bc5 6. Nc3 e4 7. dxe4 dxe4 8. Ng5 e3 9. Bxe3 Bxe3 10. fxe3 O-O 11. Qd4 c6 12. Rad1 Qe7 13. Nge4 Nxe4 14. Nxe4 Ne5 15. Qd6 Qxd6 16. Nxd6 Rb8 17. Rd4 Be6 18. a4 f6 19. h3 b6 20. Rfd1 h6 21. b3 c5 22. R4d2 Rfd8 23. Nb5 Rxd2 24. Rxd2 c4 25. b4 a5 26. bxa5 bxa5 27. Bd5 Kf7 28. e4 Ke7 29. Bxe6 Kxe6 30. Rd5 Ke7 31. Kf2 h5 32. Ke3 h4 33. gxh4 Rh8 34. Nd4 g6 35. Nf3 Nc6 36. Rc5 Kd6 37. Rxc4 Rb8 38. e5+ fxe5 39. Rg4 Ne7 40. Kd3 Rb1 41. Nd2 Rd1 42. c3 Ke6 43. Re4 Nc6 44. Kc2 Ra1 45. Nb3 Rf1 46. Rg4 Kd6 47. Rxg6+ Kc7 48. h5 Rf5 49. h6 Rh5 50. Nc5 Rxh3 51. Ne4 Kb6 52. Ng5 Rh2 53. h7 Kc5 54. Rg8 1-0


[Site "https://www.chess.com"]